 Dungeon Crawl Stone Soup version 0.24.1 (webtiles) character file.

Game seed: 13702302127280292986, levelgen mode: deterministic

649 nightchill the Stinger (level 7, -2/40 HPs)
             Began as a Gargoyle Venom Mage on Mar 25, 2020.
             Slain by a hound (4 damage)
             ... on level 4 of the Dungeon.
             The game lasted 00:17:16 (4299 turns).

nightchill the Stinger (Gargoyle Venom Mage)        Turns: 4299, Time: 00:17:16

Health: -2/40      AC:  6    Str: 13    XL:     7   Next: 53%
Magic:  6/10       EV: 17    Int: 16    God:
Gold:   175        SH:  0    Dex: 15    Spells: 0/10 levels left

rFire    . . .     SeeInvis .   a - +0 flail (crush)
rCold    . . .     Gourm    .   (no shield)
rNeg     + . .     Faith    .   u - +0 robe
rPois    ∞         Spirit   .   l - +0 hat
rElec    +         Reflect  .   (no cloak)
rCorr    .         Harm     .   (no gloves)
MR       .....                  (no boots)
Stlth    +++.......             (no amulet)
HPRegen  0.13/turn              (no ring)
MPRegen  0.12/turn              (no ring)

@: agile, very slightly contaminated
A: negative energy resistance 1, electricity resistance, unbreathing,
petrification resistance, rot immunity, AC +4
a: no special abilities


You were on level 4 of the Dungeon.
You were not hungry.

You visited 1 branch of the dungeon, and saw 4 of its levels.

You collected 175 gold pieces.

Inventory:

Hand Weapons
 a - a +0 flail of crushing (weapon)
 b - the +3 hand crossbow "Tida" {venom, Str+4}
   (You found it on level 4 of the Dungeon)

   It poisons the ammo it fires.
   It affects your strength (+4).
Missiles
 d - 45 bolts
 f - 146 stones
 m - 16 arrows
 v - 37 poisoned darts (quivered)
Armour
 k - a +0 buckler
 l - a +0 hat (worn)
 u - a +0 robe (worn)
Magical Staves
 e - an uncursed staff of air {unknown}
Jewellery
 j - an uncursed ring of see invisible {unknown}
Wands
 r - a wand of scattershot (4)
 t - a wand of paralysis (5)
Scrolls
 g - a scroll of enchant armour {unknown}
 h - a scroll of amnesia {unknown}
 p - 2 scrolls of immolation {unknown}
 s - 2 scrolls of remove curse
Potions
 n - a potion of cancellation {unknown}
 o - a potion of invisibility {unknown}
 q - 2 potions of ambrosia
Comestibles
 c - 6 rations


   Skills:
 + Level 2.8 Fighting
 * Level 3.8 Maces & Flails
 - Level 1.5 Dodging
 - Level 2.1 Stealth
 - Level 2.0 Spellcasting
 * Level 4.8 Conjurations
 * Level 5.2 Poison Magic


You couldn't memorise any spells.
You knew the following spells:

 Your Spells              Type           Power        Failure   Level  Hunger
a - Sting                 Conj/Pois      ###.         2%          1    #......
b - Poisonous Vapours     Pois/Air       #.....       11%         2    ###....
c - Mephitic Cloud        Conj/Pois/Air  ##......     16%         3    ###....
d - Olgreb's Toxic Radia  Pois           ###.....     24%         4    #####..

Your spell library contained the following spells:

 Spells                   Type           Power        Failure   Level  Hunger
 Venom Bolt               Conj/Pois      ###.......   58%         5    ######.


Dungeon Overview and Level Annotations

Branches:
Dungeon (4/15)
 Temple: D:4-7

Altars:
Hepliaklqana
Makhleb
Nemelex Xobeh
Qazlal
Sif Muna
Wu Jian
Xom
Yredelemnul


Innate Abilities, Weirdness & Mutations

You are resistant to torment.
Your stone body is resilient. (AC +4)
You are immune to poison.
You resist negative energy. (rN+)
You are resistant to electric shocks. (rElec)
You can survive without breathing.
You are immune to petrification.
You are immune to rotting.


Message History

* * * LOW HITPOINT WARNING * * *
The hound bites you.
* * * LOW HITPOINT WARNING * * *
You hit the hound.
You kill the hound!
The hound barely misses you. The hound bites you but does no damage.
You sock the hound!
The hound is heavily wounded.
The hound bites you.
* * * LOW HITPOINT WARNING * * *
The hound closely misses you.
You hit the hound but do no damage.
The hound is heavily wounded.
The hound bites you.
* * * LOW HITPOINT WARNING * * *
The hound completely misses you.
It was a potion of agility.
You feel agile all of a sudden. The hound bites you.
You die...

......................<.
#.............#........
##.....................
###.....#.......#.......#
##>.....##.......#........
#............##............
..##.......†.###...........
#............##............
#........@h.........#...#.
##................###...##
###................#.....
##..#...........#......
######........<........
#..#...................
#.....................#
#........#...#.....####
#.....##......#......'.#


You could see a hound.

Vanquished Creatures
  Menkaure (D:4)
  Edmund (D:4)
  Blork the orc (D:4)
  A scorpion (D:3)
  3 hounds
  Ijyb (D:3)
  Robin (D:2)
  7 adders
  3 oozes
  4 worms (D:2)
  A leopard gecko (D:2)
  4 orcs (D:3)
  A ball python (D:2)
  2 giant cockroaches
  20 goblins
  9 hobgoblins
  5 jackals (D:3)
  4 quokkas
  5 bats
  4 frilled lizards
  11 kobolds
  6 rats
95 creatures vanquished.

Notes
Turn   | Place    | Note
-------+----------+-------------------------------------------
     0 | D:1      | nightchill the Gargoyle Venom Mage began the quest for the
                  | Orb.
     0 | D:1      | Reached XP level 1. HP: 10/10 MP: 3/3
   324 | D:1      | Reached XP level 2. HP: 8/16 MP: 3/5
   543 | D:1      | You fall into a shaft and drop 1 floor!
   554 | D:2      | Learned a level 2 spell: Poisonous Vapours
   732 | D:2      | Noticed Robin
   752 | D:2      | Killed Robin
   752 | D:2      | Reached XP level 3. HP: 20/20 MP: 0/6
   754 | D:2      | Reached skill level 1 in Maces & Flails
   807 | D:2      | Learned a level 3 spell: Mephitic Cloud
   886 | D:2      | Reached skill level 1 in Fighting
   941 | D:2      | Reached XP level 4. HP: 17/25 MP: 7/7
  1127 | D:2      | Found a burning altar of Makhleb.
  1858 | D:2      | Found a shimmering blue altar of Sif Muna.
  2063 | D:2      | Reached XP level 5. HP: 29/29 MP: 8/8
  2166 | D:2      | Reached skill level 4 in Poison Magic
  2782 | D:3      | Found an ornate altar of the Wu Jian Council.
  2782 | D:3      | Found a basalt altar of Yredelemnul.
  2784 | D:3      | Found a sparkling altar of Nemelex Xobeh.
  2829 | D:3      | Found a stormy altar of Qazlal.
  3193 | D:3      | Noticed Ijyb
  3207 | D:3      | Killed Ijyb
  3492 | D:4      | Noticed Edmund
  3504 | D:4      | Killed Edmund
  3504 | D:4      | Reached XP level 6. HP: 31/35 MP: 6/9
  3618 | D:4      | Noticed Menkaure
  3630 | D:4      | Killed Menkaure
  3630 | D:4      | Reached XP level 7. HP: 40/40 MP: 10/10
  3645 | D:4      | Got an iridescent hand crossbow
  3646 | D:4      | Identified the cursed +3 hand crossbow "Tida" {venom,
                  | Str+4} (You found it on level 4 of the Dungeon)
  3847 | D:4      | Found Petuinlum's General Store.
  3899 | D:4      | Noticed Blork the orc
  3910 | D:4      | Killed Blork the orc
  3910 | D:4      | Reached skill level 5 in Poison Magic
  3935 | D:4      | Learned a level 4 spell: Olgreb's Toxic Radiance
  3966 | D:4      | Found a hazy altar of Hepliaklqana.
  3967 | D:4      | Found a shimmering altar of Xom.
  3968 | D:4      | Noticed a spectral ugly thing
  4297 | D:4      | HP: 2/40 [hound (3)]
  4299 | D:4      | Slain by a hound

Levels and vault maps discovered:
D:1:      doesnt_arrival_eight_statues, layout_loops_ring,
          minmay_misc_feat_alley
D:2:      layout_rooms, led_sif_pool, lemuel_crystal_altar, first_ration,
          minmay_misc_feat_doors, uniq_robin
D:3:      kennysheep_goblin_castle, layout_rooms,
          nicolae_qazlal_eye_of_the_storm, gammafunk_temple_overflow_claw
D:4:      layout_cave_pools, regret_index_temple_of_mockery, serial_shops,
          kennysheep_mini_moat, minmay_checkerbox, uniq_edmund,
          uniq_blork_the_orc, uniq_menkaure

Skill      XL: |  1  2  3  4  5  6  7 |
---------------+----------------------+-----
Conjurations   | 2 3 4 |  4.8
Maces & Flails | 1 2 3 |  3.8
Fighting       | 1 2 |  2.8
Poison Magic   | 4 5 |  5.2
Dodging        | |  1.5
Stealth        | |  2.1
Spellcasting   | |  2.0

Action                   |  1- 3 |  4- 6 |  7- 9 || total
-------------------------+-------+-------+-------++-------
Melee: Club              |    14 |       |       ||    14
       Unarmed           |     9 |       |       ||     9
       Mace              |    37 |   155 |       ||   192
       Flail             |       |     7 |    47 ||    54
 Cast: Sting             |    11 |    13 |     1 ||    25
       Poisonous Vapours |     7 |    18 |     2 ||    27
       Mephitic Cloud    |       |     5 |     1 ||     6
Evoke: Wand              |       |     3 |       ||     3
  Use: Scroll            |       |       |     4 ||     4
       Potion            |       |       |     1 ||     1
 Stab: Sleeping          |     1 |     2 |       ||     3
       Paralysed         |       |    14 |       ||    14
       Confused          |       |     1 |     1 ||     2
  Eat: Chunk             |     1 |    11 |       ||    12
       Ration            |       |       |     1 ||     1
Armor: Robe              |    31 |   103 |    18 ||   152
Dodge: Dodged            |    47 |   144 |    42 ||   233
